 Dungeon Crawl Stone Soup version 0.28.0-53-g5a82cb258f (webtiles) character file.

Game seed: 8582938442511408644

722 MajorAdolf the Shield-Bearer (level 7, -1/64 HPs)
             Began as a Naga Wanderer on July 31, 2022.
             Shot with an arrow by a centaur (8 damage)
             ... on level 5 of the Dungeon.
             The game lasted 00:09:52 (5549 turns).

MajorAdolf the Shield-Bearer (Naga Wanderer)        Turns: 5549, Time: 00:09:53

Health: -1/64      AC:  6    Str: 16    XL:     7   Next: 71%
Magic:  8/8        EV:  8    Int: 15    God:
Gold:   168        SH:  6    Dex:  8    Spells: 8/8 levels left

rFire   . . .      SeeInvis +   f - +0 hand axe
rCold   . . .      Faith    .   d - +2 buckler
rNeg    + . .      Spirit   .   o - +1 ring mail "Xodi" {rN+}
rPois   +          Reflect  .   (no helmet)
rElec   .          Harm     .   (no cloak)
rCorr   .          Rampage  .   (no gloves)
Will    .....                   (no barding)
Stlth   ..........              (no amulet)
HPRegen 0.20/turn               (no ring)
MPRegen 0.11/turn               (no ring)

@: very slow
A: AC +2, large, see invisible, deformed body, poison resistance, slowness 2,
spit poison 1, naga tail 1
a: Spit Poison


You were on level 5 of the Dungeon.
You visited 1 branch of the dungeon, and saw 5 of its levels.

You collected 168 gold pieces.

Inventory:

Hand Weapons
 a - a +0 club
 f - a +0 hand axe (weapon)
 i - a +0 dagger
 q - a +0 mace of protection
Missiles
 j - 43 stones
 k - 20 sling bullets
 l - 110 arrows
Armour
 c - a +0 robe
 d - a +2 buckler (worn)
 o - the +1 ring mail "Xodi" (worn) {rN+}
   (You found it on level 3 of the Dungeon)

   rN:        It protects you from negative energy.
Wands
 v - a wand of flame (23)
Scrolls
 b - a scroll of fog
 e - 3 scrolls of amnesia
 n - a scroll of torment {unknown}
 r - a scroll of fear {unknown}
 s - a scroll of enchant armour {unknown}
 u - a scroll of identify
 w - a scroll of enchant weapon {unknown}
Potions
 g - a potion of heal wounds
 h - 2 potions of degeneration
 m - 2 potions of lignification {unknown}
 p - a potion of curing {unknown}
 t - a potion of mutation {unknown}


   Skills:
 + Level 4.0 Fighting
 + Level 3.4 Axes
 + Level 3.0 Armour
 + Level 3.1 Dodging
 + Level 4.4 Shields
 - Level 1.0 Spellcasting
 - Level 1.3 Poison Magic


You had 8 spell levels left.
You didn't know any spells.
Your spell library contained the following spells:

 Spells                   Type           Power      Damage    Failure   Level
 Sting                    Tmut/Pois      8%         1d3       38%         1
 Ignite Poison            Fire/Tmut/Pois 2%         N/A       80%         3
 Conjure Flame            Conj/Fire      0%         6-21      86%         3
 Sticky Flame             Conj/Fire      0%         2d3       99%         4


Dungeon Overview and Level Annotations

Branches:
Dungeon (5/15)
 Temple: D:4-7

Altars:
Okawaru

Annotations:
D:2 exclusion: downstairs


Innate Abilities, Weirdness & Mutations

Your serpentine skin is tough. (AC +2)
You have supernaturally acute eyesight. (SInv)
Armour fits poorly on your strangely shaped body.
Your system is resistant to poisons. (rPois)
You cover ground very slowly.
You can spit poison.
You have a snake-like lower body.


Message History

The iguana bites you.
You barely miss the iguana.
The iguana is almost dead.
You block the iguana's attack.
You hit the iguana but do no damage.
The iguana is almost dead.
The iguana bites you.
You hit the iguana but do no damage.
The iguana is almost dead.
You have got your breath back.
You block the iguana's attack.
The iguana bites you but does no damage.
You hit the iguana.
You kill the iguana!
You start resting.
HP restored.
Unknown command.
Done exploring.
Done exploring.
There is a stone staircase leading up, spattered with blood here.
Things that are here:
a +0 leather armour; a +0 hand axe
There is a stone staircase leading down here.
You climb downwards.
There is a stone staircase leading up here.
Unknown command.
A centaur comes into view.
The centaur wields a +2 shortbow of freezing.
It is covered in frost.
The centaur shoots an arrow.
The arrow hits you! The arrow freezes you!
The centaur shoots an arrow.
The arrow hits you! The arrow freezes you.
The centaur shoots an arrow.
The arrow hits you. The arrow freezes you.
The centaur shoots an arrow.
The arrow hits you. The arrow freezes you.
There is a stone staircase leading up here.
The centaur shoots an arrow.
The arrow hits you!
* * * LOW HITPOINT WARNING * * *
The arrow freezes you.
* * * LOW HITPOINT WARNING * * *
The centaur shoots an arrow.
The arrow hits you!
You die...

### #.# #.#
##.# #@.# #..#
#..# #..###.###
#c........
c...........###
..........#.#
..........+ ..
..........# .?


You could see a centaur.

Vanquished Creatures
  2 necrophages (D:4)
  3 ogres
  2 orc priests (D:4)
  2 jellies
  An iguana (D:4)
  2 orc wizards (D:3)
  5 adders
  An adder skeleton (D:4)
  A worm (D:3)
  4 dart slugs
  5 orcs
  6 ball pythons
  2 endoplasms
  2 giant cockroaches
  3 goblins
  3 hobgoblins
  4 jackals
  3 kobolds
  3 quokkas
  A bat (D:1)
  2 frilled lizards
  2 rats
59 creatures vanquished.

Vanquished Creatures (others)
  An endoplasm (D:3)
  3 withered plants (D:3)
4 creatures vanquished.

Grand Total: 63 creatures vanquished

Notes
Turn   | Place    | Note
-------+----------+-------------------------------------------
     0 | D:1      | MajorAdolf the Naga Wanderer began the quest for the Orb.
     0 | D:1      | MajorAdolf set off with the following items: a +0 club, a
                  | scroll of fog, a +0 robe, a +2 buckler; and the following
                  | spell memorised: Sting; and the following spells available
                  | to memorise: Ignite Poison
     0 | D:1      | Reached XP level 1. HP: 19/19 MP: 2/2
   357 | D:1      | Reached XP level 2. HP: 26/26 MP: 3/3
  1391 | D:2      | Reached XP level 3. HP: 12/32 MP: 4/4
  1607 | D:2      | Reached skill level 1 in Axes
  2103 | D:3      | Identified the +1 ring mail "Xodi" {rN+}
  2135 | D:3      | Found a faded altar of an unknown god.
  2145 | D:3      | Found an iron altar of Okawaru.
  2546 | D:3      | Reached XP level 4. HP: 38/40 MP: 5/5
  2957 | D:3      | Reached XP level 5. HP: 31/48 MP: 6/6
  3306 | D:4      | Noticed an ogre
  3316 | D:4      | Killed an ogre
  3420 | D:4      | Reached XP level 6. HP: 48/56 MP: 7/7
  3479 | D:4      | Noticed a necrophage
  3502 | D:4      | Killed a necrophage
  3648 | D:4      | Reached XP level 7. HP: 46/62 MP: 8/8
  5539 | D:5      | Entered Level 5 of the Dungeon
  5549 | D:5      | Shot with an arrow by a centaur

Illustrated notes

Levels and vault maps discovered:
D:1:      dpeg_arrival_pits, layout_loops_ring
D:2:      layout_basic
D:3:      layout_rooms, okawaru_gym_becter, ebering_ecumenical_altar_petrified
D:4:      layout_rooms
D:5:      cheibrodos_iron_armory, layout_basic, lemuel_crystal_altar

Skill      XL: |  1  2  3  4  5  6  7 |
---------------+----------------------+-----
Axes           | 1 2 3 |  3.4
Fighting       | 3 4 |  4.0
Armour         | 2 3 |  3.0
Dodging        | 2 3 |  3.1
Shields        | 4 |  4.4
Spellcasting   | |  1.0
Poison Magic   | |  1.3

Action                   |  1- 3 |  4- 6 |  7- 9 || total
-------------------------+-------+-------+-------++-------
Melee: Club              |     7 |       |       ||     7
       Hand axe          |    34 |    81 |    61 ||   176
 Abil: Spit Poison       |    18 |    29 |    16 ||    63
  Use: Scroll            |     5 |       |     1 ||     6
Armor: Robe              |     2 |       |       ||     2
       Ring mail         |     6 |    29 |    18 ||    53
Dodge: Dodged            |    38 |    29 |    15 ||    82
Block: Buckler           |    24 |    32 |    13 ||    69
